 Dungeon Crawl Stone Soup version 0.29-a0-319-gad05b8d819 (webtiles) character file.

Game seed: 16883009976144545396

448 kae the Firebug (level 7, 0/40 HPs)
             Began as a Tengu Fire Elementalist on Apr 1, 2022.
             Was an Initiate of Vehumet.
             Killed from afar by Dowan (22 damage)
             ... with a shard of ice
             ... on level 4 of the Dungeon.
             The game lasted 00:03:49 (5941 turns).

kae the Firebug (Tengu Fire Elementalist)           Turns: 5941, Time: 00:03:49

Health: 0/40       AC:  2    Str:  9    XL:     7   Next: 4%
Magic:  7/12       EV: 15    Int: 17    God:    Vehumet [......]
Gold:   322        SH:  0    Dex: 14    Spells: 5/11 levels left

rFire   . . .      SeeInvis .   e - +3 whip
rCold   . . .      Faith    .   (no shield)
rNeg    . . .      Spirit   .   a - +0 robe
rPois   +          Reflect  .   (helmet restricted)
rElec   .          Harm     .   (no cloak)
rCorr   .          Rampage  .   (no gloves)
Will    .....                   (boots unavailable)
Stlth   ++........              (no amulet)
HPRegen 0.13/turn               f - ring of poison resistance
MPRegen 0.13/turn               (no ring)

@: flying quickly and evasively, quick
A: beak, talons 3, nimble flight
a: Renounce Religion


You were on level 4 of the Dungeon.
You worshipped Vehumet.
Vehumet was noncommittal.
You visited 2 branches of the dungeon, and saw 5 of its levels.

You collected 322 gold pieces.

Inventory:

Hand Weapons
 d - a +0 vorpal short sword
 e - a +3 whip (weapon)
 q - the +7 morningstar "Otyffuh" {vorpal, rN+}
   (You found it on level 4 of the Dungeon)

   It inflicts extra damage upon your enemies.
   rN:        It protects you from negative energy.
Missiles
 k - a throwing net
Armour
 a - a +0 robe (worn)
 p - a scarf of harm
Magical Staves
 i - a staff of cold
Jewellery
 c - a ring of flight
 f - a ring of poison resistance (left hand)
Scrolls
 j - a scroll of fear
 o - a scroll of brand weapon
 r - a scroll of enchant weapon {unknown}
 s - 2 scrolls of fog
 t - a scroll of immolation {unknown}
Potions
 b - 2 potions of magic
 g - 3 potions of brilliance
 h - a potion of curing
 l - 2 potions of mutation
 m - 2 potions of flight {unknown}
 n - a potion of attraction {unknown}
 u - 2 potions of berserk rage {unknown}


   Skills:
 + Level 2.0 Fighting
 + Level 2.2 Armour
 + Level 3.4 Dodging
 - Level 2.0 Stealth
 + Level 2.9 Spellcasting
 + Level 3.3 Conjurations
 * Level 5.3 Fire Magic
 + Level 2.1 Evocations


You had 5 spell levels left.
You knew the following spells:

 Your Spells              Type           Power      Damage    Failure   Level
a - Foxfire               Conj/Fire      68%        2x1d7     3%          1
b - Scorch                Fire           40%        2d7       3%          2
c - Conjure Flame         Conj/Fire      17%        6-21      9%          3

Your spell library contained the following spells:

 Spells                   Type           Power      Damage    Failure   Level
 Inner Flame              Hex/Fire       11%        N/A       19%         3
 Corpse Rot               Necr/Air       4%         N/A       26%         2
 Poisonous Vapours        Pois/Air       4%         N/A       26%         2
 Flame Wave               Conj/Fire      17%        2d6       30%         4
 Gell's Gravitas          Tloc           2%         N/A       47%         3
 Lesser Beckoning         Tloc           2%         N/A       47%         3
 Teleport Other           Tloc           2%         N/A       47%         3


Dungeon Overview and Level Annotations

Branches:
Dungeon (4/15)             Temple (1/1) D:4

Altars:
Ashenzari
Cheibriados
Elyvilon
Fedhas
Gozag
Hepliaklqana
Kikubaaqudgha
Makhleb
Qazlal
Ru
Sif Muna
Trog
Vehumet
Wu Jian
Xom
Yredelemnul
The Shining One

Annotations:
D:4 Dowan, Pikel


Innate Abilities, Weirdness & Mutations

You have a beak for a mouth.
You have claws for feet.
Your magical nature lets you fly swiftly and evasively.


Message History

Okay, then.
Okay, then.
Magic courses through your body.
Casting: Foxfire (safe; 3% risk of failure)
Confirm with . or Enter, or press ? or * to list all spells.
Flames lash Dowan.
Dowan is moderately wounded.
Dowan's fire resistance burns away.
Dowan hits you with a +0 dagger. Dowan misses you.
Dowan mumbles some strange words.
Dowan blinks!
Casting: Scorch (safe; 3% risk of failure)
Confirm with . or Enter, or press ? or * to list all spells.
You can't see any susceptible monsters within range! (Use Z to cast anyway.)
Casting: Scorch (safe; 3% risk of failure)
Confirm with . or Enter, or press ? or * to list all spells.
You conjure some foxfire!
Dowan casts a spell.
Dowan blinks!
You start resting.
Dowan is nearby!
Casting: Foxfire (safe; 3% risk of failure)
Confirm with . or Enter, or press ? or * to list all spells.
You conjure some foxfire!
Your foxfire dissipates!
The foxfire hits Dowan.
Dowan is moderately wounded.
The foxfire hits Dowan.
Dowan is heavily wounded.
Dowan casts a spell at you. The shard of ice hits you!
Casting: Foxfire (safe; 3% risk of failure)
Confirm with . or Enter, or press ? or * to list all spells.
Flames lash Dowan.
Dowan is almost dead.
Dowan's fire resistance burns away.
Dowan casts a spell at you. The shard of ice hits you!!
Ouch! That really hurt!
You die...

##### ##...## ##.....#
###......#######
##..)......>.##.##
................@#
...........)####e#
#..........## #)############
#........###
###.#..........# #......###
###......(.......## ########
###.e...............#
###...................#
###.....................#
####.......................#


You could see Dowan (fast, combustible).

Vanquished Creatures
  Duvessa (D:4)
  An ogre (D:4)
  3 lemures
  4 jellies
  3 gnolls
  4 adders
  3 dart slugs
  An orc (D:3)
  18 endoplasms
  5 goblins
  2 hobgoblins
  10 kobolds
  2 quokkas
  5 ball pythons
  2 bats
  4 frilled lizards
  6 rats
74 creatures vanquished.

Vanquished Creatures (others)
  222 foxfires
  8 fungi (D:3)
  7 toadstools (D:3)
237 creatures vanquished.

Grand Total: 311 creatures vanquished

Notes
Turn   | Place    | Note
-------+----------+-------------------------------------------
     0 | D:1      | kae the Tengu Fire Elementalist began the quest for the
                  | Orb.
     0 | D:1      | Reached XP level 1. HP: 10/10 MP: 4/4
    85 | D:1      | Noticed a great orb of eyes
    87 | D:1      | Found a faded altar of an unknown god.
    89 | D:1      | Noticed a floating eye
    94 | D:1      | Noticed a floating eye
   105 | D:1      | Noticed a shining eye
   495 | D:1      | Reached XP level 2. HP: 15/15 MP: 3/6
  1491 | D:1      | Learned a level 2 spell: Scorch
  1622 | D:2      | Reached XP level 3. HP: 20/20 MP: 5/7
  2737 | D:2      | Learned a level 3 spell: Conjure Flame
  2762 | D:1      | Reached skill level 4 in Fire Magic
  2843 | D:2      | Reached XP level 4. HP: 24/24 MP: 4/8
  2849 | D:2      | Reached skill level 1 in Fighting
  2849 | D:2      | Reached skill level 1 in Armour
  3216 | D:3      | Found a blossoming altar of Fedhas.
  3603 | D:3      | Reached skill level 1 in Evocations
  4103 | D:3      | Gained mutation: Your magical nature lets you fly swiftly
                  | and evasively. [Tengu growth]
  4103 | D:3      | Reached XP level 5. HP: 18/29 MP: 4/9
  4729 | D:4      | Noticed an ogre
  4740 | D:4      | Killed an ogre
  4741 | D:4      | Reached skill level 5 in Fire Magic
  4741 | D:4      | Reached XP level 6. HP: 35/35 MP: 3/11
  4821 | D:4      | Found a staircase to the Ecumenical Temple.
  4853 | D:4      | Identified the +7 morningstar "Otyffuh" {vorpal, rN+}
  4881 | Temple   | Entered the Ecumenical Temple
  5074 | Temple   | Became a worshipper of Vehumet
  5111 | D:4      | Noticed Duvessa
  5115 | D:4      | Noticed Dowan
  5336 | D:4      | Noticed Pikel
  5931 | D:4      | Killed Duvessa
  5932 | D:4      | Reached XP level 7. HP: 40/40 MP: 2/12
  5941 | D:4      | Killed from afar by Dowan

Illustrated notes

Levels and vault maps discovered:
D:1:      dreamdust_arrival_sigmund_warning, layout_basic,
          hellmonk_ecumenical_altar_watching_god
D:2:      layout_loops_ring
D:3:      cheibrodos_fertilizer, layout_basic, general_overflow_altar
D:4:      layout_cave_pods, minmay_temple_entry_stoned_glass,
          uniq_blork_the_orc, uniq_duvessa, uniq_pikel
Temple:   eino_temple_rhombus

Skill      XL: |  1  2  3  4  5  6 |
---------------+-------------------+-----
Conjurations   | 2 3 |  3.3
Fire Magic     | 4 5 |  5.3
Fighting       | 1 2 |  2.0
Armour         | 1 2 |  2.2
Evocations     | 1 2 |  2.1
Dodging        | 3 |  3.4
Stealth        | |  2.0
Spellcasting   | |  2.9

Action                   |  1- 3 |  4- 6 |  7- 9 || total
-------------------------+-------+-------+-------++-------
Melee: Unarmed           |     3 |       |       ||     3
       Kick              |     8 |     3 |       ||    11
       Peck              |     4 |       |       ||     4
       Short sword       |    26 |       |       ||    26
       Whip              |       |    11 |       ||    11
 Cast: Foxfire           |    57 |    81 |     2 ||   140
       Scorch            |     2 |    33 |     2 ||    37
       Conjure Flame     |       |     1 |       ||     1
  Use: Scroll            |     3 |     4 |       ||     7
       Potion            |       |       |     1 ||     1
 Stab: Sleeping          |       |     1 |       ||     1
Armor: Robe              |     6 |     5 |       ||    11
Dodge: Dodged            |    33 |    26 |     1 ||    60

Table legend: (Time is in decaauts)
 A = Elapsed time spent in this place.
 B = Non-inter-level travel time spent in this place.
 C = Inter-level travel time spent in this place.
 D = Time resting spent in this place.
 E = Time spent auto-exploring this place.
 F = Levels seen in this place.
 G = Mean time per level.
                   A        B        C        D        E       F      G
               +--------+--------+--------+--------+--------+-----+--------+
         Total |   5868 |   5610 |    258 |    698 |   4154 |   5 | 1173.6 |
       Dungeon |   5682 |   5455 |    227 |    698 |   4010 |   4 | 1420.5 |
        Temple |    186 |    155 |     31 |      0 |    144 |   1 |  186.0 |
               +--------+--------+--------+--------+--------+-----+--------+

Top non-repeatable levels by time:
     D:3: 2143 daAuts
     D:1: 1585 daAuts
     D:2: 1404 daAuts
     D:4: 549 daAuts
  Temple: 186 daAuts
